 Dungeon Crawl Stone Soup version 0.21-a0-509-gecc5317 (webtiles) character file.

2074 mortelune the Geomancer (level 9, -6/52 HPs)
             Began as a Gargoyle Earth Elementalist on Dec 1, 2017.
             Was a Believer of Sif Muna.
             Mangled by a fire elemental (8 damage)
             ... summoned by a deep elf mage
             ... on level 6 of the Dungeon.
             The game lasted 00:38:03 (9539 turns).

mortelune the Geomancer (GrEE)                      Turns: 9539, Time: 00:38:04

Health: -6/52      AC: 12    Str: 12    XL:     9   Next: 26%
Magic:  8/18       EV: 12    Int: 19    God:    Sif Muna [**....]
Gold:   71         SH:  0    Dex: 10    Spells: 11/20 levels left

rFire    . . .     SeeInvis .   J - +1 mace (protect)
rCold    . . .     Gourm    +   (no shield)
rNeg     + . .     Faith    .   c - +0 robe
rPois    ∞         Spirit   .   D - +2 helmet
rElec    +         Reflect  .   (no cloak)
rCorr    .         Harm     .   (no gloves)
MR       .....                  I - +0 pair of boots {run}
Stlth    ++........             k - amulet of the gourmand
HPRegen  0.17/turn              (no ring)
MPRegen  0.16/turn              (no ring)

@: quick
A: negative energy resistance 1, electricity resistance, unbreathing,
petrification resistance, rot immunity, AC +6
a: Divine Energy, Renounce Religion


You were on level 6 of the Dungeon.
You worshipped Sif Muna.
Sif Muna was pleased with you.
You were full.

You visited 1 branch of the dungeon, and saw 6 of its levels.
You also visited: Ossuary.

You collected 417 gold pieces.
You spent 346 gold pieces at shops.

Inventory:

Hand Weapons
 a - a +0 club
 r - a +0 dagger
 s - a +0 whip
 t - a +0 flail
 w - a +1 dagger of draining
 F - a +7 club
 J - a +1 mace of protection (weapon)
Missiles
 b - 135 stones (quivered)
Armour
 c - a +0 robe (worn)
 n - a +0 leather armour
 D - a +2 helmet (worn)
 G - a +1 hat
 I - a +0 pair of boots of running (worn)
Magical Staves
 H - an uncursed staff of air
Jewellery
 k - an amulet of the gourmand (around neck)
Wands
 C - a wand of polymorph (18)
Scrolls
 g - 2 scrolls of amnesia
 h - a scroll of random uselessness
 j - 3 scrolls of noise
 l - 2 scrolls of magic mapping
 q - 4 scrolls of remove curse
 x - 4 scrolls of teleportation
 y - 4 scrolls of enchant weapon {unknown}
 B - 3 scrolls of enchant armour {unknown}
 L - a scroll of identify
Potions
 f - 5 potions of curing
 i - 2 potions of mutation
 p - 2 potions of degeneration
 u - a potion of agility
 v - a potion of brilliance
 z - 4 potions of might
 A - a potion of ambrosia {unknown}
 E - a potion of flight {unknown}
 M - a potion of heal wounds {unknown}
 N - a potion of lignification {unknown}
Books
 e - a book of Geomancy

   Spells                             Type                      Level
   a - Sandblast                      Earth                        1
   b - Passwall                       Transmutation/Earth          2
   c - Stone Arrow                    Conjuration/Earth            3
   d - Petrify                        Transmutation/Earth          4
   e - Lee's Rapid Deconstruction     Earth                        5
Comestibles
 d - 4 bread rations
 m - 2 meat rations
 o - 3 fruits
 K - a royal jelly


   Skills:
 + Level 3.9 Fighting
 - Level 1.5 Dodging
 - Level 2.1 Stealth
 + Level 6.0 Spellcasting
 + Level 6.3 Conjurations
   Level 0.7 Transmutations
 * Level 9.4 Earth Magic


You had 11 spell levels left.
You knew the following spells:

 Your Spells              Type           Power        Failure   Level  Hunger
a - Sandblast             Erth           #####.       1%          1    None
b - Stone Arrow           Conj/Erth      #####.       1%          3    ##.....
c - Lee's Rapid Deconstr  Erth           #####.....   6%          5    #####..


Dungeon Overview and Level Annotations

Branches:
Dungeon (6/15)
 Temple: D:4-7

Altars:
Ashenzari
Cheibriados
Dithmenos
Gozag
Kikubaaqudgha
Sif Muna
Uskayaw

Shops:
D:5 [   D:6 %

Annotations:
D:3 exclusion: downstairs
D:4 Sigmund


Innate Abilities, Weirdness & Mutations

You are resistant to torment.
Your stone body is resilient. (AC +6)
You are immune to poison.
You resist negative energy. (rN+)
You are resistant to electric shocks. (rElec)
You can survive without breathing.
You are immune to petrification.
You are immune to rotting.


Message History

Aim: a deep elf mage, wielding a dagger and wearing a leather armour (heavily wounded)
The stone arrow hits the fire elemental.
The fire elemental is heavily damaged.
The fire elemental barely misses you. x2
The deep elf mage casts a spell at you.
The bolt of fire hits the fire elemental.
The fire elemental completely resists.
The bolt of fire hits you! The fire elemental hits you.
The fire elemental burns you!
* * * LOW HITPOINT WARNING * * *
You feel better. The fire elemental hits you. The fire elemental burns you!
* * * LOW HITPOINT WARNING * * *
The fire elemental closely misses you. The fire elemental barely misses you.
The fire elemental hits you.
* * * LOW HITPOINT WARNING * * *
The fire elemental burns you!
* * * LOW HITPOINT WARNING * * *
You feel better. The fire elemental hits you. The fire elemental burns you!
* * * LOW HITPOINT WARNING * * *
The fire elemental hits you. The fire elemental burns you!
You die...

##### #...# #.#.# ####.#.####
*****##############....#....#
*,,,,........§EE@...#######.#
*,,**####.#.§######....#>...#
*,,,,........§.#
#....#.##.#####
*,,**#########§#
#....#.........
*,,*,,,......§§#
#......##.###.#
*,,*,,,.......§#
#.#.#####.##.##
*,,*++'######8§#
#.#.#####.#.##
*,,*,,.'.....§.#
#..^......##.##
*,,*,,.'....§..#
###+#########.#


You could see 2 fire elementals.

Vanquished Creatures
  Eustachio (D:4)
  A sky beast (D:6)
  A phantom (D:5)
  A centaur (D:5)
  5 elf zombies (Ossuary)
  A water moccasin skeleton (D:6)
  A wyvern skeleton (D:6)
  2 scorpions
  2 howler monkeys (D:4)
  4 crimson imps
  2 hounds
  A human zombie (Ossuary)
  6 centaur zombies (Ossuary)
  4 orc priests
  3 orc wizards
  8 worker ants
  A worker ant zombie (D:5)
  Robin (D:4)
  3 mummies (Ossuary)
  3 gnolls (D:4)
  5 adders
  A shadow imp (D:6)
  2 oozes
  An adder skeleton (D:4)
  3 worms
  3 dart slugs
  2 leopard geckos
  19 orcs
  A ball python (D:2)
  6 giant cockroaches
  13 goblins
  11 hobgoblins
  9 jackals
  A quokka (D:2)
  A ball python skeleton (D:5)
  9 bats
  3 frilled lizards
  6 kobolds
  11 rats
158 creatures vanquished.

Notes
Turn   | Place    | Note
-------+----------+-------------------------------------------
     0 | D:1      | mortelune the Gargoyle Earth Elementalist began the quest for the Orb.
     0 | D:1      | Reached XP level 1. HP: 10/10 MP: 3/3
   336 | D:1      | Reached XP level 2. HP: 15/15 MP: 1/5
   404 | D:1      | Reached skill level 4 in Earth Magic
  1579 | D:2      | Reached XP level 3. HP: 19/19 MP: 4/7
  1763 | D:2      | Learned a level 3 spell: Stone Arrow
  2071 | D:1      | Reached skill level 5 in Earth Magic
  2071 | D:1      | Reached XP level 4. HP: 24/24 MP: 5/8
  2363 | D:2      | Reached XP level 5. HP: 19/28 MP: 4/10
  2509 | D:2      | Found a hide-covered altar of Uskayaw.
  2509 | D:2      | Found a shattered altar of Ashenzari.
  2510 | D:2      | Found a shadowy altar of Dithmenos.
  2537 | D:2      | Found a snail-covered altar of Cheibriados.
  3643 | D:3      | Found an opulent altar of Gozag.
  3859 | D:3      | Found a deep blue altar of Sif Muna.
  4407 | D:3      | Became a worshipper of Sif Muna the Loreminder
  4525 | D:3      | Reached skill level 1 in Conjurations
  4534 | D:3      | Reached XP level 6. HP: 13/32 MP: 4/12
  4736 | D:4      | Noticed Sigmund
  4883 | D:4      | Reached skill level 6 in Earth Magic
  5456 | D:4      | Reached XP level 7. HP: 36/36 MP: 5/13
  5785 | D:4      | Found an ancient bone altar of Kikubaaqudgha.
  6031 | D:4      | Noticed Robin
  6048 | D:4      | Killed Robin
  6254 | D:4      | Noticed Eustachio
  6284 | D:4      | Killed Eustachio
  6284 | D:4      | Reached * piety under Sif Muna
  6775 | D:5      | Entered Level 5 of the Dungeon
  6794 | D:5      | Learned a level 5 spell: Lee's Rapid Deconstruction
  7222 | D:5      | Reached skill level 7 in Earth Magic
  7547 | D:5      | Reached XP level 8. HP: 42/42 MP: 2/15
  7764 | D:5      | Reached skill level 1 in Fighting
  7764 | D:5      | Reached skill level 5 in Spellcasting
  7764 | D:5      | Reached skill level 5 in Conjurations
  7845 | D:5      | Found Mujagaj's Armour Boutique.
  7869 | D:5      | Bought a +0 pair of boots of running for 346 gold pieces
  8168 | D:6      | Found Fitroth's Food Shoppe.
  8188 | D:6      | Reached skill level 8 in Earth Magic
  8353 | D:6      | Found a sand-covered staircase.
  8358 | Ossuary  | Entered an ossuary
  8503 | Ossuary  | Reached ** piety under Sif Muna
  8696 | Ossuary  | Reached XP level 9. HP: 50/51 MP: 7/17
  8700 | Ossuary  | Reached skill level 9 in Earth Magic
  9521 | D:6      | Noticed a deep elf mage
  9534 | D:6      | HP: 1/52 [fire elemental[a deep elf mage] (11)]
  9539 | D:6      | Mangled by a fire elemental

Vault maps used:
D:1:      nzn_arrival_water_spiral, nrook_loot_triangle
D:2:      nicolae_overflow_quartered_altars
D:3:      lemuel_blue_sif_altar, nicolae_gozag_seed_capital
D:4:      old_standard_altar, first_bread, uniq_robin, uniq_sigmund,
          uniq_eustachio
D:5:      serial_shops, shop_coins
D:6:      serial_shops, shop, nicolae_ossuary_entry_false_entrances,
          guppyfry_early_elven_hall
Ossuary:  ossuary_minmay_four_chambers

Skill      XL: |  1  2  3  4  5  6  7  8  9 |
---------------+----------------------------+-----
Earth Magic    | 4 5 6 7 8 9 |  9.4
Spellcasting   | 3 4 5 6 |  6.0
Conjurations   | 1 3 4 6 |  6.3
Fighting       | 3 |  3.9
Dodging        | |  1.5
Stealth        | |  2.1
Transmutations | |  0.7

Action                   |  1- 3 |  4- 6 |  7- 9 || total
-------------------------+-------+-------+-------++-------
Melee: Club              |    62 |       |    10 ||    72
       Whip              |    29 |    80 |       ||   109
       Flail             |       |    16 |     9 ||    25
       Dagger            |       |    24 |     5 ||    29
       Mace              |       |       |    18 ||    18
 Cast: Sandblast         |    28 |    38 |    80 ||   146
       Stone Arrow       |       |    32 |    56 ||    88
  Use: Scroll            |     1 |     3 |     8 ||    12
       Potion            |       |       |     2 ||     2
 Stab: Sleeping          |     1 |     1 |       ||     2
  Eat: Chunk             |     4 |    13 |    20 ||    37
       Fruit             |       |       |     1 ||     1
Armor: Robe              |    40 |    49 |    56 ||   145
       Leather armour    |    24 |       |       ||    24
Dodge: Dodged            |   112 |   107 |    53 ||   272

Table legend:
 A = Spawn XP
 B = Non-spawn XP
 C = Spawn XP percentage of total XP
 D = Spawn monster count
 E = Non-spawn monster count
 F = Spawn count percentage of total count
 G = Total turns spent on level
                    A         B        C        D         E        F      G
               +---------+---------+-------+---------+---------+-------+---------
         Total |       0 |    2964 |   0.0 |       0 |     158 |   0.0 |  9539
               +---------+---------+-------+---------+---------+-------+---------
           D:1 |       0 |      90 |   0.0 |       0 |      21 |   0.0 |  1731
           D:2 |       0 |     106 |   0.0 |       0 |      25 |   0.0 |  1410
           D:3 |       0 |     132 |   0.0 |       0 |      26 |   0.0 |  1923
           D:4 |       0 |     653 |   0.0 |       0 |      33 |   0.0 |  1711
           D:5 |       0 |     489 |   0.0 |       0 |      20 |   0.0 |  1248
           D:6 |       0 |     670 |   0.0 |       0 |      18 |   0.0 |   918
       Ossuary |       0 |     824 |   0.0 |       0 |      15 |   0.0 |   598
               +---------+---------+-------+---------+---------+-------+---------
